 Dungeon Crawl Stone Soup version 0.27.1-33-g824d729ab1 (webtiles) character file.

Game seed: 7367292150582724592

2095 austinbyrn the Blocker (level 9, -26/55 HPs)
             Began as a Gargoyle Fighter on Dec 11, 2021.
             Was an Initiate of Okawaru.
             Annihilated by a white ugly thing (32 damage)
             ... on level 6 of the Dungeon.
             The game lasted 00:16:32 (8103 turns).

austinbyrn the Blocker (Gargoyle Fighter)           Turns: 8103, Time: 00:16:35

Health: -26/55     AC: 15    Str: 23    XL:     9   Next: 27%
Magic:  0/9        EV: 12    Int:  9    God:    Okawaru [......]
Gold:   1201       SH: 12    Dex:  9    Spells: 8/8 levels left

rFire    . . .     SeeInvis +   d - +0 flail (vamp)
rCold    . . .     Faith    .   c - +1 kite shield
rNeg     + . .     Spirit   +   b - +0 scale mail
rPois    ∞         Reflect  .   (helmet restricted)
rElec    +         Harm     .   (no cloak)
rCorr    .         Rampage  .   (no gloves)
Will     .....                  h - +0 pair of boots
Stlth    ..........             n - amulet of guardian spirit
HPRegen  0.18/turn              g - +4 ring of evasion
MPRegen  0.11/turn              (no ring)

@: hasted, very quick
A: sickness immunity, AC +6, negative energy resistance 1, electricity
resistance, torment resistance 1, petrification resistance, horns 1, talons 1,
see invisible
a: Renounce Religion


You were on level 6 of the Dungeon.
You worshipped Okawaru.
Okawaru was noncommittal.
You visited 1 branch of the dungeon, and saw 6 of its levels.

You collected 1201 gold pieces.

Inventory:

Hand Weapons
 d - a +0 vampiric flail (weapon)
Missiles
 i - 29 poisoned darts (quivered)
Armour
 b - a +0 scale mail (worn)
 c - a +1 kite shield (worn)
 h - a +0 pair of boots (worn)
Jewellery
 g - a +4 ring of evasion (left hand)
 n - an amulet of guardian spirit (around neck)
Scrolls
 a - a scroll of teleportation
 e - 5 scrolls of vulnerability
 f - a scroll of brand weapon
 k - 4 scrolls of identify
 o - a scroll of enchant armour
 q - 2 scrolls of noise {unknown}
 r - a scroll of amnesia {unknown}
 t - a scroll of fear {unknown}
 u - a scroll of immolation {unknown}
Potions
 j - a potion of degeneration {unknown}
 l - a potion of curing {unknown}
 p - a potion of mutation
 s - a potion of heal wounds {unknown}


   Skills:
 + Level 6.1 Fighting
 * Level 7.1 Maces & Flails
 - Level 6.2 Armour
 * Level 8.3 Shields


You had 8 spell levels left.
You didn't know any spells.
Your spell library contained the following spells:

 Spells                   Type           Power      Damage    Failure   Level
 Slow                     Hex            0%         N/A       98%         2
 Confusing Touch          Hex            0%         N/A       100%        3
 Portal Projectile        Hex/Tloc       0%         N/A       100%        3
 Passage of Golubria      Tloc           N/A        N/A       100%        4
 Blade Hands              Tmut           0%         N/A       100%        5
 Excruciating Wounds      Necr           0%         N/A       100%        5
 Silence                  Hex/Air        0%         N/A       100%        5
 Yara's Violent Unravell  Hex/Tmut       0%         3d3       100%        5
 Lehudib's Crystal Spear  Conj/Erth      0%         10d2      100%        8


Dungeon Overview and Level Annotations

Branches:
Dungeon (6/15)
 Temple: D:4-7

Altars:
Ashenzari
Nemelex Xobeh
Okawaru
Trog
Xom
Zin
The Shining One


Innate Abilities, Weirdness & Mutations

You are immune to sickness and miasma.
Your stone body is resilient. (AC +6)
You are immune to poison.
You resist negative energy. (rN+)
You are resistant to electric shocks. (rElec)
You are resistant to unholy torment.
You are immune to petrification.
You have a pair of small horns on your head.
You have sharp toenails.
You have supernaturally acute eyesight. (SInv)


Message History

The white ugly thing is severely wounded.
You block the white ugly thing's attack.
You hit the white ugly thing but do no damage.
Your headbutt misses the white ugly thing.
The white ugly thing is severely wounded.
The white ugly thing engulfs you but does no damage.
You hit the white ugly thing.
You feel better.
The white ugly thing is severely wounded.
The white ugly thing engulfs you. The white ugly thing freezes you!!
You hit the white ugly thing but do no damage.
Your headbutt misses the white ugly thing.
The white ugly thing is severely wounded.
The white ugly thing engulfs you. The white ugly thing freezes you!!
* * * LOW HITPOINT WARNING * * *
You closely miss the white ugly thing.
The white ugly thing is severely wounded.
The white ugly thing barely misses you.
You barely miss the white ugly thing.
The white ugly thing is severely wounded.
You barely miss the white ugly thing. You headbutt the white ugly thing.
The white ugly thing is almost dead.
You block the white ugly thing's attack.
Okay, then.
Okay, then.
You hit the white ugly thing but do no damage.
You headbutt the white ugly thing.
The white ugly thing is almost dead.
The white ugly thing closely misses you.
You hit the white ugly thing but do no damage.
The white ugly thing is almost dead.
You block the white ugly thing's attack.
You closely miss the white ugly thing.
The white ugly thing is almost dead.
You closely miss the white ugly thing.
The white ugly thing is almost dead.
The white ugly thing engulfs you.
* * * LOW HITPOINT WARNING * * *
The white ugly thing freezes you!!
Ouch! That really hurt!
You die...

#..###...........#..#.
#..# ##..........#....
####..####............>.#
#..[.....##.............#
#.######.##.............#
# #...#...............
#.###.......... ....
#...# ###@# ......u.#
###$.#### #. #


You could see a white ugly thing.

Vanquished Creatures
  Grinder (D:5)
  A sky beast (D:5)
  A black bear (D:6)
  5 ogres
  An ice beast (D:5)
  A kobold brigand (D:3)
  A phantom (D:2)
  A scorpion (D:5)
  2 howler monkeys
  6 hounds
  A bullfrog skeleton (D:5)
  3 iguanas
  An orc wizard (D:5)
  Natasha (thrice) (D:2)
  3 gnoll shamans
  A killer bee zombie (D:6)
  A hound skeleton (D:5)
  A howler monkey zombie (D:6)
  7 adders
  20 gnolls
  A howler monkey skeleton (D:5)
  A white imp (D:5)
  2 ufetubi
  3 worms
  A dart slug (D:2)
  24 orcs
  8 endoplasms
  A giant cockroach (D:2)
  8 goblins
  6 hobgoblins
  15 jackals
  4 quokkas
  6 bats
  3 frilled lizards
  9 kobolds
  6 rats
159 creatures vanquished.

Vanquished Creatures (others)
  A plant (D:3)
1 creature vanquished.

Grand Total: 160 creatures vanquished

Notes
Turn   | Place    | Note
-------+----------+-------------------------------------------
     0 | D:1      | austinbyrn the Gargoyle Fighter began the quest for the
                  | Orb.
     0 | D:1      | Reached XP level 1. HP: 14/14 MP: 1/1
   151 | D:1      | Found a faded altar of an unknown god.
   675 | D:1      | Reached XP level 2. HP: 19/19 MP: 2/2
  1549 | D:2      | Reached XP level 3. HP: 23/23 MP: 3/3
  1673 | D:2      | Noticed Natasha
  1686 | D:2      | Killed Natasha
  1687 | D:2      | Reached skill level 4 in Shields
  1887 | D:2      | Reached XP level 4. HP: 27/28 MP: 4/4
  1960 | D:2      | Noticed Natasha
  1974 | D:2      | Killed Natasha
  2360 | D:2      | Noticed Natasha
  2379 | D:2      | Killed Natasha
  2380 | D:2      | Reached XP level 5. HP: 17/33 MP: 5/5
  2662 | D:2      | Found a glowing golden altar of the Shining One.
  3223 | D:3      | Noticed a kobold brigand
  3226 | D:3      | Identified a scroll of acquirement
  3226 | D:3      | Acquired 836 gold pieces
  3622 | D:2      | Reached XP level 6. HP: 17/38 MP: 6/6
  3626 | D:2      | Reached skill level 5 in Shields
  4392 | D:3      | Reached XP level 7. HP: 30/44 MP: 7/7
  4653 | D:2      | Gained mutation: You have a pair of small horns on your
                  | head. [potion of mutation]
  4653 | D:2      | Gained mutation: You have supernaturally acute eyesight.
                  | (SInv) [potion of mutation]
  4653 | D:2      | Gained mutation: You have sharp toenails. [potion of
                  | mutation]
  4984 | D:3      | Reached skill level 6 in Shields
  5115 | D:3      | Reached skill level 5 in Maces & Flails
  5289 | D:3      | Reached skill level 5 in Armour
  6547 | D:5      | Entered Level 5 of the Dungeon
  6565 | D:4      | Reached skill level 5 in Fighting
  6565 | D:4      | Reached XP level 8. HP: 49/49 MP: 6/8
  6673 | D:5      | Reached skill level 7 in Shields
  6836 | D:5      | Found a broken altar of Ashenzari.
  7199 | D:5      | Found a large runed translucent door.
  7199 | D:5      | Found a large runed translucent door.
  7369 | D:5      | Noticed Grinder
  7382 | D:5      | Killed Grinder
  7383 | D:5      | Reached skill level 8 in Shields
  7383 | D:5      | Reached XP level 9. HP: 49/55 MP: 7/9
  7426 | D:5      | Found an iron altar of Okawaru.
  7426 | D:5      | Found a shimmering altar of Xom.
  7430 | D:5      | Became a worshipper of Warmaster Okawaru
  7506 | D:5      | Found a glowing silver altar of Zin.
  7809 | D:5      | Found a sparkling altar of Nemelex Xobeh.
  7836 | D:5      | Found a bloodstained altar of Trog.
  8079 | D:6      | Noticed a white ugly thing
  8103 | D:6      | Annihilated by a white ugly thing

Illustrated notes

Levels and vault maps discovered:
D:1:      lightli_molten_gateway, layout_loops_corners, basic_ecumenical_altar
D:2:      minmay_general_purpose_star, layout_basic, basic_altar,
          chequers_garden, minmay_tiny_reverse_x, uniq_natasha
D:3:      lemuel_castle_with_subvaults [lemuel_castle_interior_original],
          layout_basic
D:4:      layout_loops_ring
D:5:      layout_basic, zin_scriptorium, nicolae_ashenzari_panopticon,
          mainiacjoe_overflow_divided_tiny, jmf_multi_god_temple2, st_stairs_14,
          minmay_strange_pillars, uniq_grinder
D:6:      layout_cave_pools, bh_walls_and_bars

Skill      XL: |  1  2  3  4  5  6  7  8  9 |
---------------+----------------------------+-----
Shields        | 4 5 6 8 |  8.3
Maces & Flails | 3 4 5 6 7 |  7.1
Armour         | 4 5 6 |  6.2
Fighting       | 4 5 6 |  6.1

Action                   |  1- 3 |  4- 6 |  7- 9 || total
-------------------------+-------+-------+-------++-------
Melee: Flail             |    83 |   219 |   330 ||   632
       Kick              |       |       |    32 ||    32
       Headbutt          |       |       |    56 ||    56
Throw: Dart              |    15 |    10 |    12 ||    37
  Use: Potion            |     1 |     1 |     5 ||     7
       Scroll            |       |     5 |     4 ||     9
Armor: Scale mail        |    49 |   119 |   108 ||   276
Dodge: Dodged            |    29 |   126 |   164 ||   319
Block: Kite shield       |    42 |   177 |   210 ||   429
